 Dungeon Crawl Stone Soup version 0.19.4-8-ga85b6b9 (webtiles) character file.

120 dngmouse the Ruffian (level 4, -3/35 HPs)
             Began as a Minotaur Transmuter on Feb 11, 2017.
             Killed from afar by an orc wizard (4 damage)
             ... with a magic dart
             ... on level 3 of the Dungeon.
             The game lasted 00:07:20 (2664 turns).

dngmouse the Ruffian (Minotaur Transmuter)          Turns: 2664, Time: 00:07:21

Health: -3/35      AC:  2    Str: 14    XL:     4   Next: 75%
Magic:  5/5        EV: 12    Int: 10    God:
Gold:   76         SH:  0    Dex: 12    Spells: 2 memorised, 2 levels left

rFire  . . .     SeeInvis .       - Unarmed
rCold  . . .     Gourm    .     b - +0 robe
rNeg   . . .     Faith    .     (no shield)
rPois  .         Spirit   .     (helmet restricted)
rElec  .         Reflect  .     (no cloak)
rCorr  .         Harm     .     (no gloves)
MR     .....                    (boots currently unavailable)
Stlth  +.........               (no amulet)
                                (no ring)
                                (no ring)

@: appendage (expiring)
A: retaliatory headbutt, horns 2, talons 3
a: End Transformation


You were on level 3 of the Dungeon.
You were hungry.
You had grown temporary talons.
You visited 1 branch of the dungeon, and saw 3 of its levels.

You collected 76 gold pieces.

Inventory:

Missiles
 a - 29 arrows
Armour
 b - a +0 robe (worn)
 h - a cursed +0 ring mail
Scrolls
 f - a scroll of enchant weapon {unknown}
 g - a scroll of amnesia {unknown}
 i - a scroll of magic mapping {unknown}
Potions
 k - a potion of brilliance
Books
 c - a book of Changes

   Spells                             Type                      Level
   a - Beastly Appendage              Transmutation                1
   b - Sticks to Snakes               Transmutation                2
   c - Spider Form                    Transmutation/Poison         3
   d - Ice Form                       Ice/Transmutation            4
   e - Blade Hands                    Transmutation                5
Comestibles
 d - 6 bread rations


   Skills:
 - Level 1.2 Fighting
 - Level 2.1 Dodging
 * Level 5.2 Unarmed Combat
 - Level 1.3 Spellcasting
 + Level 2.8 Transmutations


You had 2 spell levels left.
You knew the following spells:

 Your Spells              Type           Power        Failure   Level  Hunger
a - Beastly Appendage     Tmut           #.....       12%         1    ##.....
b - Sticks to Snakes      Tmut           #.......     17%         2    ###....


Dungeon Overview and Level Annotations

Branches:
Dungeon (3/15)

Altars:
Gozag
Qazlal

Annotations:
D:1 1 runed door
D:2 Sigmund


Innate Abilities, Weirdness & Mutations

You reflexively headbutt those who attack you in melee.
You have a pair of horns on your head.
You have claws for feet.


Message History

You hit the orc wizard. Your kick misses the orc wizard.
Your punch misses the orc wizard.
The orc wizard is lightly wounded.
The orc wizard hits you with a dagger.
The orc hits you from afar with a trident!
* * * LOW HITPOINT WARNING * * *
You are too injured to fight recklessly!
You are too injured to fight recklessly!
The orc wizard closely misses you. You furiously retaliate!
You headbutt the orc wizard, but do no damage.
You hit the orc wizard.
The orc wizard is heavily wounded.
The orc wizard hits you with a dagger.
* * * LOW HITPOINT WARNING * * *
The orc closely misses you.
You hit the orc wizard. Your kick misses the orc wizard.
The orc wizard is severely wounded.
The orc wizard points at you and mumbles some strange words.
The magic dart hits you!
You die...

#.#....# .#. #......# ..
#<#....# #. #.###....#
##.### ## #........# ....
.$
#.#####.#..#####.##.#####
#..............[.))......
..#####.#######o####.####
#......@o...#
#########.#.# #.#.# #.#.#
#.#.# ..#.# ###.# ..# ###


You could see an orc wizard and an orc.

Vanquished Creatures
  3 gnolls (D:2)
  5 adders (D:2)
  2 worms (D:2)
  2 orcs (D:3)
  3 ball pythons (D:2)
  A giant cockroach (D:2)
  5 goblins
  4 hobgoblins
  6 bats
  2 frilled lizards (D:2)
  6 kobolds
  3 rats
42 creatures vanquished.

Notes
Turn   | Place    | Note
-------+----------+-------------------------------------------
     0 | D:1      | dngmouse the Minotaur Transmuter began the quest for the Orb.
     0 | D:1      | Reached XP level 1. HP: 16/16 MP: 1/1
     2 | D:1      | Found a runed door.
   487 | D:1      | Reached XP level 2. HP: 9/23 MP: 0/3
   492 | D:1      | Learned a level 2 spell: Sticks to Snakes
   871 | D:2      | Found a stormy altar of Qazlal.
   871 | D:2      | Found an opulent altar of Gozag.
   917 | D:2      | Noticed Sigmund
  1298 | D:2      | Reached skill level 4 in Unarmed Combat
  1310 | D:2      | Reached XP level 3. HP: 18/28 MP: 2/4
  2122 | D:2      | Reached XP level 4. HP: 32/35 MP: 3/5
  2232 | D:2      | Reached skill level 5 in Unarmed Combat
  2663 | D:3      | HP: 1/35 [orc wizard/dagger (1)]
  2664 | D:3      | Killed from afar by an orc wizard

Skill      XL: |  1  2  3  4 |
---------------+-------------+-----
Transmutations | 2 |  2.8
Unarmed Combat | 4 5 |  5.2
Fighting       | |  1.2
Dodging        | |  2.1
Spellcasting   | |  1.3

Action                   |  1- 3 |  4- 6 || total
-------------------------+-------+-------++-------
Melee: Unarmed           |    75 |    32 ||   107
       Headbutt          |     9 |     6 ||    15
       Kick              |    11 |     3 ||    14
       Punch             |     3 |       ||     3
 Cast: Beastly Appendage |    19 |     5 ||    24
       Sticks to Snakes  |     1 |       ||     1
  Use: Scroll            |     1 |       ||     1
       Potion            |     4 |     1 ||     5
  Eat: Chunk             |     4 |     2 ||     6
Armor: Robe              |    13 |     1 ||    14
Dodge: Dodged            |    39 |    16 ||    55
